 Dungeon Crawl Stone Soup version 0.29.1-2-gbd0b4ee654 (webtiles) character file.

Game seed: 626410499181936098

7 bmack86 the Shield-Bearer (level 1, 22/22 HPs)
             Began as a Troll Fighter on Nov 20, 2022.
             Quit the game on level 1 of the Dungeon.
             The game lasted 00:01:31 (60 turns).

bmack86 the Shield-Bearer (Troll Fighter)             Turns: 60, Time: 00:01:32

Health: 22/22      AC:  4    Str: 23    XL:     1   Next: 83%
Magic:  0/0        EV:  8    Int:  4    God:
Gold:   0          SH:  7    Dex:  9    Spells: 0/0 levels left

rFire   . . .      SeeInvis .   a - +0 war axe
rCold   . . .      Faith    .   c - +0 kite shield
rNeg    . . .      Spirit   .   b - +0 robe
rPois   .          Reflect  .   (helmet restricted)
rElec   .          Harm     .   (no cloak)
rCorr   .          Rampage  .   (gloves unavailable)
Will    .....                   (boots unavailable)
Stlth   +.........              (no amulet)
HPRegen 0.87/turn               (no ring)
MPRegen 0.07/turn               (no ring)

@: no status effects
A: large, unfitting armour, claws 3, regeneration 1, shaggy fur 1, tough skin 1
a: no special abilities


You were on level 1 of the Dungeon.
You visited 1 branch of the dungeon, and saw 1 of its levels.

Inventory:

Hand Weapons
 a - a +0 war axe (weapon)
 e - a +0 club
 f - a +0 club
Armour
 b - a +0 robe (worn)
 c - a +0 kite shield (worn)
Potions
 d - a potion of might


   Skills:
 + Level 2.5 Fighting
 + Level 1.6 Axes
 + Level 2.5 Dodging
 + Level 2.8 Shields


You couldn't memorise any spells.
You didn't know any spells.
Your spell library was empty.

Dungeon Overview and Level Annotations

Branches:
Dungeon (1/15)

Altars:


Innate Abilities, Weirdness & Mutations

You are too large for most types of armour.
You have claws for hands.
Your natural rate of healing is unusually fast.
You are covered in fur. (AC +1)
You have tough skin. (AC +1)


Message History

The frilled lizard bites you but does no damage.
You hit the quokka but do no damage. You hit the goblin.
You kill the goblin!
You closely miss the frilled lizard. You block the quokka's attack.
The frilled lizard barely misses you.
The quokka bites you but does no damage.
You closely miss the quokka. You closely miss the frilled lizard.
The quokka closely misses you. The frilled lizard barely misses you.
The frilled lizard bites you. The quokka barely misses you.
You barely miss the quokka. You miss the frilled lizard.
The quokka bites you but does no damage.
The frilled lizard bites you but does no damage.
The quokka bites you.
You slash the quokka!
You kill the quokka!
You hit the frilled lizard.
You kill the frilled lizard!
You see here a +0 club.
e - a +0 club
There is a fountain of clear blue water here.
Found a scroll labelled PEGEFE EMIRPHIN.
You see here a +0 club.
f - a +0 club
There is a fountain of clear blue water here.
Unknown command.
Why would you want to do that? Why would you want to do that?
Why would you want to do that? Why would you want to do that?
There is a fountain of clear blue water here.
Why would you want to do that? Why would you want to do that?
There is a fountain of clear blue water here.
Why would you want to do that?
There is a fountain of clear blue water here.
Cleave: a) +0 war axe
Press: ? - help, Dir - move target, f - you That would be overly suicidal.
Okay, then.
Are you sure you want to abandon this character and quit the game? (Confirm with "yes".)

..........#
....#....# #.
#.####......####..
.......≈...≈..#..#
##.≈.≈.≈♣≈...#
#.≈.⌠.≈♣⌠♣≈.
.##..≈....♣≈# ###
.......≈...≈.#....
........≈@..≈...#
........≈.<.≈#.##
?.......≈...≈#...
........≈...≈..##..
.......≈♣...♣≈.# #
.....≈♣⌠♣≈♣⌠♣≈#
.....≈♣≈.≈♣≈##
...... ...≈.# .....
.....#


There were no monsters in sight!

Vanquished Creatures
  A dart slug (D:1)
  A quokka (D:1)
  A frilled lizard (D:1)
  2 goblins (D:1)
  4 toadstools (D:1)
9 creatures vanquished.

Notes
Turn   | Place    | Note
-------+----------+-------------------------------------------
     0 | D:1      | bmack86 the Troll Fighter began the quest for the Orb.
     0 | D:1      | Reached XP level 1. HP: 22/22 MP: 0/0
    60 | D:1      | Quit the game

Illustrated notes

Levels and vault maps discovered:
D:1:      ldierk_water_garden, layout_rooms, ebering_ecumenical_altar_mist

Action                   || total
-------------------------++-------
Melee: War axe           ||    12
Armor: Robe              ||     5
Dodge: Dodged            ||     5
Block: Kite shield       ||     4
